NCAA
WEST VIRGINIA MOUNTAINEERS @ IOWA HAWKEYES
05/14/2027
 
TOP OF THE 1ST
West Virginia Mountaineers batting - Pitching for Iowa Hawkeyes : LHP Max Bridges
Pitching: LHP Max Bridges
Batting: RHB Tom Fisher 0-0: Ball
1-0: Ball
2-0: DOUBLE (Line Drive, 9LM)
Batting: RHB Greg Smith 0-0: Ball
1-0: Ball
2-0: Called Strike
2-1: Fly out, F8 (Flyball, 8RM)
Batting: LHB Paco Córdova 0-0: Ground out 1-3 (Groundball, P)
Tom Fisher to third
Batting: RHB Víctor León 0-0: Called Strike
0-1: Called Strike
0-2: Ball
1-2: Strikes out swinging
Top of the 1st over - 0 run(s), 1 hit(s), 0 error(s), 1 left on base; West Virginia 0 - Iowa 0
BOTTOM OF THE 1ST
Iowa Hawkeyes batting - Pitching for West Virginia Mountaineers : LHP Alberto Romo
Pitching: LHP Alberto Romo
Batting: RHB Rick Suárez 0-0: Ball
1-0: Ball
2-0: Called Strike
2-1: Swinging Strike
2-2: Ball
3-2: SINGLE (Groundball, 56D)
Batting: RHB Jim Sharry 0-0: Ball
1-0: Called Strike
1-1: Ball
2-1: Ball
3-1: Base on Balls
Rick Suárez to second
Batting: RHB Kelsey Scott 0-0: Called Strike
0-1: Ball
1-1: Called Strike
1-2: Ball
2-2: Strikes out looking
Batting: RHB Juan Escalante 0-0: Ball
1-0: Called Strike
1-1: Foul Ball, location: 2F
1-2: Strikes out looking
Batting: RHB Jim Jones 0-0: Ball
1-0: Ball
2-0: Foul Ball, location: 2F
2-1: SINGLE (Groundball, 3D)
Rick Suárez to third
Jim Sharry to second
Runner from 3rd tries for Home, SAFE, throw made at trailing runner, OUT at third!
Bottom of the 1st over - 1 run(s), 2 hit(s), 0 error(s), 1 left on base; West Virginia 0 - Iowa 1
TOP OF THE 2ND
West Virginia Mountaineers batting - Pitching for Iowa Hawkeyes : LHP Max Bridges
Batting: RHB Alfonso Flores 0-0: Ball
1-0: Ball
2-0: Foul Ball, location: 2F
2-1: SOLO HOME RUN (Flyball, 78XD), Distance : 391 ft
Batting: RHB Dennis Kelly 0-0: Ground out 5-3 (Groundball, 56S)
Batting: SHB Karl Webster 0-0: Ball
1-0: Called Strike
1-1: Foul Ball, location: 2F
1-2: Foul Ball, location: 2F
1-2: Foul Ball, location: 2F
1-2: Foul Ball, location: 2F
1-2: Foul Ball, location: 2F
1-2: Ball
2-2: Foul Ball, location: 2F
2-2: SINGLE (Groundball, 6MD)
Batting: RHB David Randall 0-0: Called Strike
0-1: Swinging Strike
0-2: Strikes out looking
Batting: SHB George Howell 0-0: Ball
1-0: Ball
2-0: Called Strike
2-1: Ball
3-1: Base on Balls
Karl Webster to second
Batting: RHB Tom Fisher 0-0: Ball
1-0: Swinging Strike
1-1: Ball
2-1: Called Strike
2-2: Foul Ball, location: 2F
2-2: Strikes out looking
Top of the 2nd over - 1 run(s), 2 hit(s), 0 error(s), 2 left on base; West Virginia 1 - Iowa 1
BOTTOM OF THE 2ND
Iowa Hawkeyes batting - Pitching for West Virginia Mountaineers : LHP Alberto Romo
Batting: RHB Ed Nygaard 0-0: Ball
1-0: Called Strike
1-1: Called Strike
1-2: Ball
2-2: Strikes out swinging
Batting: RHB Stephen Spence 0-0: Ball
1-0: Ball
2-0: Ground out 6-3 (Groundball, 6)
Batting: RHB Miguel López 0-0: Ball
1-0: Hit by Pitch
Batting: RHB Mike Russell 0-0: Ball
1-0: Called Strike
1-1: Ball
2-1: SINGLE (Line Drive, 8RS)
Miguel López to second
Batting: RHB Rick Suárez 0-0: Foul Ball, location: 2F
0-1: Foul Ball, location: 2F
0-2: Fly out, F7 (Flyball, 7LMF)
Bottom of the 2nd over - 0 run(s), 1 hit(s), 0 error(s), 2 left on base; West Virginia 1 - Iowa 1
TOP OF THE 3RD
West Virginia Mountaineers batting - Pitching for Iowa Hawkeyes : LHP Max Bridges
Batting: RHB Greg Smith 0-0: Ball
1-0: Called Strike
1-1: Ball
2-1: Ball
3-1: Base on Balls
Batting: LHB Paco Córdova 0-0: Swinging Strike
0-1: Foul Ball, location: 2F
0-2: Foul Ball, location: 2F
0-2: Grounds into double play, 4-6-3 (Groundball, 4)
Batting: RHB Víctor León 0-0: Called Strike
0-1: SINGLE (Line Drive, 4M)
Batting: RHB Alfonso Flores 0-0: Foul Ball, location: 2F
0-1: Foul Ball, location: 2F
0-2: Ball
1-2: Ground out 5-3 (Groundball, 56S)
Top of the 3rd over - 0 run(s), 1 hit(s), 0 error(s), 1 left on base; West Virginia 1 - Iowa 1
BOTTOM OF THE 3RD
Iowa Hawkeyes batting - Pitching for West Virginia Mountaineers : LHP Alberto Romo
Batting: RHB Jim Sharry 0-0: Foul Ball, location: 2F
0-1: Ball
1-1: Called Strike
1-2: Strikes out swinging
Batting: RHB Kelsey Scott 0-0: Swinging Strike
0-1: Ball
1-1: Ball
2-1: Ball
3-1: Called Strike
3-2: Base on Balls
Batting: RHB Juan Escalante 0-0: Ball
1-0: Called Strike
1-1: Called Strike
1-2: Strikes out looking
Batting: RHB Jim Jones 0-0: Ball
1-0: Swinging Strike
1-1: Called Strike
1-2: Strikes out swinging
Bottom of the 3rd over - 0 run(s), 0 hit(s), 0 error(s), 1 left on base; West Virginia 1 - Iowa 1
TOP OF THE 4TH
West Virginia Mountaineers batting - Pitching for Iowa Hawkeyes : LHP Max Bridges
Batting: RHB Dennis Kelly 0-0: SINGLE (Groundball, 4MD)
Batting: SHB Karl Webster 0-0: Foul Ball, location: 2F
0-1: Called Strike
0-2: Ball
1-2: SINGLE (Groundball, 6MD)
Dennis Kelly to second
Batting: RHB David Randall 0-0: Ball
1-0: Ground out 5-3 (Groundball, 56S)
Dennis Kelly to third
Karl Webster to second
Batting: SHB George Howell 0-0: Ball
1-0: Called Strike
1-1: Foul Ball, location: 2F
1-2: Strikes out swinging
Batting: RHB Tom Fisher 0-0: Called Strike
0-1: Ball
1-1: Called Strike
1-2: Strikes out swinging
Top of the 4th over - 0 run(s), 2 hit(s), 0 error(s), 2 left on base; West Virginia 1 - Iowa 1
BOTTOM OF THE 4TH
Iowa Hawkeyes batting - Pitching for West Virginia Mountaineers : LHP Alberto Romo
Batting: RHB Ed Nygaard 0-0: Ball
1-0: Called Strike
1-1: Swinging Strike
1-2: Ball
2-2: Ball
3-2: Base on Balls
Batting: RHB Stephen Spence 0-0: Ball
1-0: Called Strike
1-1: Ball
2-1: Foul Ball, location: 2F
2-2: Strikes out swinging
Batting: RHB Miguel López 0-0: Ball
1-0: Ball
2-0: SINGLE (Groundball, 34D)
Ed Nygaard to second
Runner from 2nd tries for 3rd, SAFE, throw made to third
Miguel López to second
Batting: RHB Mike Russell 0-0: Called Strike
0-1: Ball
1-1: Called Strike
1-2: Strikes out swinging
Batting: RHB Rick Suárez 0-0: Swinging Strike
0-1: Swinging Strike
0-2: Strikes out swinging
Bottom of the 4th over - 0 run(s), 1 hit(s), 0 error(s), 2 left on base; West Virginia 1 - Iowa 1
TOP OF THE 5TH
West Virginia Mountaineers batting - Pitching for Iowa Hawkeyes : LHP Max Bridges
Batting: RHB Greg Smith 0-0: Ball
1-0: Foul Ball, location: 2F
1-1: Called Strike
1-2: Fly out, F5 (Line Drive, 5)
Batting: LHB Paco Córdova 0-0: Called Strike
0-1: SINGLE (Line Drive, 7S)
Batting: RHB Víctor León 0-0: Swinging Strike
0-1: Called Strike
0-2: Ball
1-2: Ball
2-2: Strikes out looking
Pitching: LHP Peter Connolly
Batting: RHB Alfonso Flores 0-0: Called Strike
0-1: Ball
1-1: Foul Ball, location: 2F
1-2: DOUBLE (Line Drive, 89XD)
Paco Córdova to third
Batting: RHB Dennis Kelly 0-0: Ball
1-0: Called Strike
1-1: Ball
2-1: Foul Ball, location: 2F
2-2: Ball
3-2: SINGLE (Line Drive, 89S)
Paco Córdova scores
Alfonso Flores to third
Alfonso Flores scores
Batting: SHB Karl Webster 0-0: Called Strike
0-1: Called Strike
0-2: Ball
1-2: DOUBLE (Line Drive, 89D)
Dennis Kelly to third
Runner from 3rd tries for Home, throw and OUT!
Top of the 5th over - 2 run(s), 4 hit(s), 0 error(s), 1 left on base; West Virginia 3 - Iowa 1
BOTTOM OF THE 5TH
Iowa Hawkeyes batting - Pitching for West Virginia Mountaineers : LHP Alberto Romo
Pitching: RHP John Jones
Batting: RHB Jim Sharry 0-0: Fly out, F8 (Flyball, 8LM)
Batting: RHB Kelsey Scott 0-0: Ball
1-0: Called Strike
1-1: Fly out, F6 (Popup, 6D)
Batting: RHB Juan Escalante 0-0: Reached on error, E3 (Groundball, 34S)
Batting: RHB Jim Jones 0-0: Ball
1-0: Called Strike
1-1: Ball
Juan Escalante steals 2nd base
2-1: Ground out 5-3 (Groundball, 56)
Bottom of the 5th over - 0 run(s), 0 hit(s), 1 error(s), 1 left on base; West Virginia 3 - Iowa 1
TOP OF THE 6TH
West Virginia Mountaineers batting - Pitching for Iowa Hawkeyes : LHP Peter Connolly
Batting: RHB David Randall 0-0: Ground out 3-1 (Groundball, 34S)
Batting: SHB George Howell 0-0: Fly out, F7 (Flyball, 7)
Batting: RHB Tom Fisher 0-0: Ball
1-0: Swinging Strike
1-1: Ball
2-1: Ball
3-1: Fly out, F9 (Flyball, 89S)
Top of the 6th over - 0 run(s), 0 hit(s), 0 error(s), 0 left on base; West Virginia 3 - Iowa 1
BOTTOM OF THE 6TH
Iowa Hawkeyes batting - Pitching for West Virginia Mountaineers : RHP John Jones
Batting: RHB Ed Nygaard 0-0: Ball
1-0: Called Strike
1-1: Called Strike
1-2: Ball
2-2: Foul Ball, location: 2F
2-2: Foul Ball, location: 2F
2-2: Strikes out swinging
Batting: RHB Stephen Spence 0-0: Ball
1-0: Foul Ball, location: 2F
1-1: SINGLE (Line Drive, 9S)
Batting: RHB Miguel López 0-0: Ball
1-0: DOUBLE (Flyball, 78D)
Stephen Spence to third
Batting: RHB Mike Russell 0-0: Ball
1-0: Foul Ball, location: 2F
1-1: Ball
2-1: Ball
3-1: Base on Balls
Batting: RHB Rick Suárez 0-0: Foul Ball, location: 2F
0-1: Called Strike
0-2: Foul Ball, location: 2F
0-2: Ball
1-2: Ball
2-2: Ball
3-2: Grounds into double play, 6-4-3 (Groundball, 6)
Bottom of the 6th over - 0 run(s), 2 hit(s), 0 error(s), 2 left on base; West Virginia 3 - Iowa 1
TOP OF THE 7TH
West Virginia Mountaineers batting - Pitching for Iowa Hawkeyes : LHP Peter Connolly
Batting: RHB Greg Smith 0-0: Ball
1-0: Swinging Strike
1-1: Ball
2-1: Ball
3-1: Swinging Strike
3-2: Base on Balls
Batting: LHB Paco Córdova 0-0: Ball
1-0: Swinging Strike
1-1: Ball
2-1: Ball
3-1: Base on Balls
Greg Smith to second
Batting: RHB Víctor León 0-0: Ball
1-0: Foul Ball, location: 2F
1-1: Foul Ball, location: 2F
1-2: Strikes out looking
Batting: RHB Alfonso Flores 0-0: Called Strike
0-1: Swinging Strike
0-2: Foul Ball, location: 2F
0-2: Ball
1-2: Foul Ball, location: 2F
1-2: Ball
2-2: Strikes out swinging
Batting: RHB Dennis Kelly 0-0: Ball
1-0: Foul Ball, location: 2F
1-1: Ball
2-1: SINGLE (Line Drive, 78M)
Greg Smith to third
Paco Córdova to second
Pitching: LHP Scott White
Batting: SHB Karl Webster 0-0: Swinging Strike
0-1: Ball
1-1: Called Strike
1-2: Strikes out looking
Top of the 7th over - 0 run(s), 1 hit(s), 0 error(s), 3 left on base; West Virginia 3 - Iowa 1
BOTTOM OF THE 7TH
Iowa Hawkeyes batting - Pitching for West Virginia Mountaineers : RHP John Jones
Batting: RHB Jim Sharry 0-0: Ball
1-0: SINGLE (Groundball, 6MD)
Batting: RHB Kelsey Scott 0-0: Ball
1-0: Called Strike
1-1: Ball
2-1: Ball
3-1: Base on Balls
Jim Sharry to second
Batting: RHB Juan Escalante 0-0: Ball
1-0: Called Strike
1-1: Called Strike
1-2: Strikes out looking
Pitching: LHP Josh Fritz
Batting: RHB Jim Jones 0-0: Ball
1-0: Ball
2-0: Ball
3-0: Called Strike
3-1: Base on Balls
Jim Sharry to third
Kelsey Scott to second
Batting: RHB Ed Nygaard 0-0: Ball
1-0: Ball
2-0: Called Strike
2-1: Foul Ball, location: 2F
2-2: Ball
3-2: Base on Balls
Jim Sharry scores
Kelsey Scott to third
Jim Jones to second
Batting: RHB Stephen Spence 0-0: Foul Ball, location: 2F
0-1: Foul Ball, location: 2F
0-2: Strikes out swinging
Batting: RHB Miguel López 0-0: Called Strike
0-1: Fielders Choice at 2nd, 6-4 (Groundball, 6)
Bottom of the 7th over - 1 run(s), 1 hit(s), 0 error(s), 2 left on base; West Virginia 3 - Iowa 2
TOP OF THE 8TH
West Virginia Mountaineers batting - Pitching for Iowa Hawkeyes : LHP Scott White
Batting: RHB David Randall 0-0: Ball
1-0: Ball
2-0: Called Strike
2-1: Swinging Strike
2-2: Fly out, F4 (Popup, 4S)
Batting: SHB George Howell 0-0: Foul Ball, location: 2F
0-1: Called Strike
0-2: Strikes out looking
Batting: RHB Tom Fisher 0-0: Ball
1-0: Foul Ball, location: 2F
1-1: SINGLE (Groundball, 6MD)
Batting: RHB Greg Smith 0-0: Ball
1-0: Called Strike
1-1: Foul Ball, location: 2F
1-2: Fly out, F5 (Popup, 5S)
Top of the 8th over - 0 run(s), 1 hit(s), 0 error(s), 1 left on base; West Virginia 3 - Iowa 2
BOTTOM OF THE 8TH
Iowa Hawkeyes batting - Pitching for West Virginia Mountaineers : LHP Josh Fritz
Batting: RHB Mike Russell 0-0: Ball
1-0: Ball
2-0: Ball
3-0: Swinging Strike
3-1: Fly out, F9 (Flyball, 9)
Batting: RHB Rick Suárez 0-0: Ball
1-0: Ball
2-0: Called Strike
2-1: Ground out 6-3 (Groundball, 6D)
Batting: RHB Jim Sharry 0-0: Ball
1-0: Ball
2-0: Ball
3-0: Called Strike
3-1: DOUBLE (Line Drive, 78D)
Pitching: LHP Will Merritt
Batting: RHB Kelsey Scott 0-0: Called Strike
0-1: Swinging Strike
0-2: Ball
1-2: Strikes out swinging
Bottom of the 8th over - 0 run(s), 1 hit(s), 0 error(s), 1 left on base; West Virginia 3 - Iowa 2
TOP OF THE 9TH
West Virginia Mountaineers batting - Pitching for Iowa Hawkeyes : LHP Scott White
Batting: LHB Paco Córdova 0-0: Foul Ball, location: 2F
0-1: Ball
1-1: Called Strike
1-2: SINGLE (Line Drive, 8RS)
Batting: RHB Víctor León 0-0: Ball
1-0: Ball
2-0: Foul Ball, location: 2F
2-1: Ball
3-1: Foul Ball, location: 2F
3-2: Base on Balls
Paco Córdova to second
Batting: RHB Alfonso Flores 0-0: Foul Ball, location: 2F
0-1: Called Strike
0-2: Ball
1-2: Foul Ball, location: 2F
1-2: Ball
2-2: Ball
3-2: Foul Ball, location: 2F
3-2: Strikes out swinging
Batting: RHB Dennis Kelly 0-0: Ball
1-0: Ball
2-0: Ball
3-0: Called Strike
3-1: Foul Ball, location: 2F
3-2: Foul Ball, location: 2F
3-2: Base on Balls
Paco Córdova to third
Víctor León to second
Batting: SHB Karl Webster 0-0: Called Strike
0-1: SINGLE (Groundball, 56)
Paco Córdova scores
Víctor León to third
Dennis Kelly to second
Runner from 3rd tries for Home, SAFE, no throw
Pitching: RHP Marlon Rivers
Batting: RHB David Randall 0-0: Called Strike
0-1: Ball
1-1: Ball
2-1: Ball
3-1: Base on Balls
Dennis Kelly to third
Karl Webster to second
Pinch Hitting: LHB Juan Franco 0-0: Ball
1-0: Ball
2-0: Ball
3-0: Base on Balls
Dennis Kelly scores
Karl Webster to third
David Randall to second
Batting: RHB Tom Fisher 0-0: Fly out, F8 (Flyball, 8RM)
Runner from 3rd tags up, SCORES, throw made
Batting: RHB Greg Smith 0-0: Foul Ball, location: 2F
0-1: Fly out, F6 (Line Drive, 6)
Top of the 9th over - 4 run(s), 2 hit(s), 0 error(s), 2 left on base; West Virginia 7 - Iowa 2
BOTTOM OF THE 9TH
Iowa Hawkeyes batting - Pitching for West Virginia Mountaineers : LHP Will Merritt
Now at 1B: Lee Scott
Now in LF: Juan Franco
Batting: RHB Juan Escalante 0-0: Called Strike
0-1: Called Strike
0-2: Ball
1-2: Foul Ball, location: 2F
1-2: SINGLE (Groundball, 56D)
Pitching: LHP Elmer Ramírez
Batting: RHB Jim Jones 0-0: Ball
1-0: Ball
2-0: Ball
3-0: Base on Balls
Juan Escalante to second
Batting: RHB Ed Nygaard 0-0: Ball
1-0: Called Strike
1-1: Grounds into double play, 6-4-3 (Groundball, 6)
Juan Escalante to third
Batting: RHB Stephen Spence 0-0: Called Strike
0-1: Called Strike
0-2: Foul Ball, location: 2F
0-2: Foul Ball, location: 2F
0-2: Strikes out swinging
Bottom of the 9th over - 0 run(s), 1 hit(s), 0 error(s), 1 left on base; West Virginia 7 - Iowa 2
Thursday, March 30th, 2017 - OOTP Baseball 17.12 Build 75